 Dungeon Sprint DCSS version 0.27.1 (webtiles) character file.

Game seed: 8969140957846848656

562 styxcanada the Unseen (level 7, -8/38 HPs)
             Began as a Spriggan Brigand on Aug 28, 2021.
             Was an Initiate of Gozag.
             Mangled by a wandering mushroom (16 damage)
             ... in the Dungeon (Sprint IV: "Fedhas' Mad Dash").
             The game lasted 00:02:53 (240 turns).

styxcanada the Unseen (Spriggan Brigand)             Turns: 240, Time: 00:02:54

Health: -8/38      AC:  3    Str:  7    XL:     7   Next: 10%
Magic:  6/8        EV: 21    Int: 12    God:    Gozag
Gold:   304        SH:  0    Dex: 19    Spells: 6/6 levels left

rFire    . . .     SeeInvis +   a - +2 dagger
rCold    . . .     Faith    .   m - +0 buckler
rNeg     . . .     Spirit   .   b - +0 robe
rPois    .         Reflect  .   (helmet restricted)
rElec    .         Harm     .   c - +0 cloak
rCorr    .         Rampage  .   (gloves unavailable)
Will     +....     NoTele   +   (boots unavailable)
Stlth    +++.......             l - amulet of invisibility {+Inv}
HPRegen  0.12/turn              (no ring)
MPRegen  0.11/turn              (no ring)

@: confused, very slightly contaminated, invisible, very quick
A: very small, no large weapons, unfitting armour, see invisible, speed 3
a: Renounce Religion, Evoke Invisibility, Potion Petition, Call Merchant, Bribe
Branch


You were in the Dungeon.
You worshipped Gozag.
Gozag was aware of your devotion.
You visited 1 branch You collected 382 gold pieces.
You spent 78 gold pieces at shops.

Inventory:

Hand Weapons
 a - a +2 dagger (weapon)
Missiles
 d - 5 poisoned darts (quivered)
 e - 2 curare-tipped darts
Armour
 b - a +0 robe (worn)
 c - a +0 cloak (worn)
 m - a +0 buckler (worn)
Jewellery
 l - the amulet of invisibility (around neck) {+Inv}
   (You found it in the Dungeon)

   [amulet of nothing]

   +Inv:      It lets you turn invisible.
Scrolls
 k - a scroll of blinking
 n - 3 scrolls of identify
Potions
 f - a potion of curing
 g - a potion of heal wounds
 h - a potion of haste
 i - 2 potions of magic
 j - a potion of berserk rage


   Skills:
 * Level 4.6 Fighting
 + Level 4.4 Short Blades
 + Level 3.2 Throwing
 * Level 6.9 Dodging
 * Level 18.2 Stealth
 + Level 3.0 Evocations


You had 6 spell levels left.
You didn't know any spells.
Your spell library was empty.

Dungeon Overview and Level Annotations

Branches:
Dungeon (1/1)

Altars:
Cheibriados
Dithmenos
Elyvilon
Gozag
Hepliaklqana
Kikubaaqudgha
Makhleb
Nemelex Xobeh
Okawaru
Qazlal
Ru
Sif Muna
Trog
Uskayaw
Vehumet
Wu Jian
Xom
Yredelemnul
Zin
The Shining One
Beogh
Jiyva
Lugonu

Shops:
D ?[


Innate Abilities, Weirdness & Mutations

You are very small and have problems with some larger weapons.
You are too small for most types of armour.
You have supernaturally acute eyesight. (SInv)
You cover ground extremely quickly. (Speed+++)


Message History

There is an ancient bone altar of Kikubaaqudgha here.
d - 5 poisoned darts (gained 1)
There is a corrupted altar of Lugonu here.
d - 6 poisoned darts (gained 1)
There is an open door here.
There is an open door here.
Throw: 6 darts (poison)
Press: ? - help, Q - select action, (/) - cycle Shift-Dir - straight line, f - wandering mushroom
Aim: a wandering mushroom (severely damaged, wandering, hasn't noticed you, 98% to hit)
You throw a poisoned dart.
The poisoned dart hits the wandering mushroom.
The wandering mushroom is severely damaged.
You fail to use your ability.
A wandering mushroom is nearby!
You fail to use your ability.
You fade into invisibility!
You hit the wandering mushroom.
The wandering mushroom is lightly damaged.
You hit the wandering mushroom but do no damage.
The wandering mushroom is severely damaged.
The wandering mushroom releases spores at you.
You are engulfed in a cloud of spores!
You are confused.
You're too confused to move!
The wandering mushroom closely misses you.
The wandering mushroom misses you.
You bump into the stone wall.
The wandering mushroom closely misses you.
The wandering mushroom completely misses you.
You bump into the stone wall.
The wandering mushroom releases spores at you!
* * * LOW HITPOINT WARNING * * *
You are engulfed in a cloud of spores!
You are more confused.
The wandering mushroom completely misses you.
You bump into the stone wall.
The wandering mushroom completely misses you.
The wandering mushroom releases spores at you!
You die...
Your body crumbles into a pile of gold.

#########################
⌠._._._._.⌠.#.('@f(#....#
._._._._._..'..#.f.#.f.$+
.._._._._...#..###'##.$$#
$$
._._._._._..#..##∩∩.(...#
_._._._._.⌠.#############
############# $ $


You could see 2 wandering mushrooms.

Vanquished Creatures
  A burning bush (D)
  3 scorpions (D)
  3 oklob saplings (D)
  2 spriggans (D)
  A river rat (D)
  A rat (D)
11 creatures vanquished.

Notes
Turn   | Place    | Note
-------+----------+-------------------------------------------
     0 | D        | styxcanada the Spriggan Brigand began the quest for the
                  | Orb.
     0 | D        | Reached XP level 1. HP: 10/10 MP: 2/2
     9 | D        | Reached skill level 8 in Stealth
     9 | D        | Reached XP level 2. HP: 15/15 MP: 3/3
    13 | D        | Noticed an oklob sapling
    15 | D        | Killed an oklob sapling
    16 | D        | Reached skill level 10 in Stealth
    16 | D        | Reached XP level 3. HP: 18/18 MP: 4/4
    17 | D        | Noticed a scorpion
    17 | D        | Found the amulet of invisibility {+Inv}
    19 | D        | Killed a scorpion
    20 | D        | Reached skill level 12 in Stealth
    20 | D        | Reached XP level 4. HP: 23/23 MP: 5/5
    41 | D        | Found an opulent altar of Gozag.
    41 | D        | Found a hazy altar of Hepliaklqana.
    41 | D        | Found a burning altar of Makhleb.
    41 | D        | Found a sparkling altar of Nemelex Xobeh.
    41 | D        | Found a snail-covered altar of Cheibriados.
    41 | D        | Found a sacrificial altar of Ru.
    41 | D        | Found a shimmering blue altar of Sif Muna.
    41 | D        | Found a shimmering altar of Xom.
    41 | D        | Found a basalt altar of Yredelemnul.
    42 | D        | Found a viscous altar of Jiyva.
    42 | D        | Found a bloodstained altar of Trog.
    42 | D        | Found an ornate altar of the Wu Jian Council.
    43 | D        | Found an iron altar of Okawaru.
    43 | D        | Found a shadowy altar of Dithmenos.
    43 | D        | Found a glowing silver altar of Zin.
    44 | D        | Found an ancient bone altar of Kikubaaqudgha.
    44 | D        | Found a hide-covered altar of Uskayaw.
    45 | D        | Found a stormy altar of Qazlal.
    45 | D        | Found a white marble altar of Elyvilon.
    45 | D        | Found a glowing golden altar of the Shining One.
    46 | D        | Became a worshipper of Gozag Ym Sagoz the Greedy
    47 | D        | Found a corrupted altar of Lugonu.
    47 | D        | Found a radiant altar of Vehumet.
    51 | D        | Reached skill level 13 in Stealth
    51 | D        | Reached XP level 5. HP: 28/28 MP: 3/6
   108 | D        | Reached skill level 14 in Stealth
   108 | D        | Reached skill level 1 in Evocations
   114 | D        | Reached skill level 5 in Dodging
   115 | D        | Reached skill level 15 in Stealth
   117 | D        | Reached XP level 6. HP: 33/33 MP: 5/7
   149 | D        | Found Fusirph's Armour Shop.
   150 | D        | Found Udivuiti's Magic Scroll Emporium.
   155 | D        | Bought a scroll of identify for 26 gold pieces
   155 | D        | Bought a scroll of identify for 26 gold pieces
   155 | D        | Bought a scroll of identify for 26 gold pieces
   176 | D        | Noticed a burning bush
   176 | D        | Noticed a wandering mushroom
   177 | D        | Noticed a wandering mushroom
   180 | D        | Killed a burning bush
   181 | D        | Reached skill level 17 in Stealth
   213 | D        | Reached skill level 18 in Stealth
   213 | D        | Reached XP level 7. HP: 24/38 MP: 8/8
   240 | D        | Mangled by a wandering mushroom

Illustrated notes

Levels and vault maps discovered:
D:        dungeon_sprint_fedhas [sprint_temple]

Skill      XL: |  1  2  3  4  5  6 |
---------------+-------------------+-----
Dodging        | 2 3 4 5 6 |  6.9
Stealth        | 8 10 12 13 15 18 | 18.2
Fighting       | 2 3 4 |  4.6
Short Blades   | 3 4 |  4.4
Evocations     | 1 3 |  3.0
Throwing       | 3 |  3.2

Action                   |  1- 3 |  4- 6 |  7- 9 || total
-------------------------+-------+-------+-------++-------
Melee: Dagger            |     4 |    13 |     2 ||    19
Throw: Dart              |       |     4 |     1 ||     5
 Abil: Evoke Invisibilit |       |     3 |     1 ||     4
 Stab: Sleeping          |     3 |     5 |       ||     8
       Invisible         |       |     2 |       ||     2
Dodge: Dodged            |     1 |    16 |     6 ||    23
Block: Buckler           |       |     3 |       ||     3
